APL (24 & UNDER)
EL PASO TEXANS @ ATHENS ASSASSINS
09/01/2030
 
TOP OF THE 1ST
El Paso Texans batting - Pitching for Athens Assassins : RHP José López
Pitching: RHP José López
Batting: RHB Stephen Black 0-0: Swinging Strike
0-1: Called Strike
0-2: Strikes out looking
Batting: LHB António Fonseca 0-0: Called Strike
0-1: Foul Ball, location: 2F
0-2: Ball
1-2: Foul Ball, location: 2F
1-2: Foul Ball, location: 2F
1-2: Strikes out swinging
Batting: RHB Doug Bruce 0-0: Reached on error, E8 (Flyball, 8RM)
Batting: LHB Cipriano Rangel 0-0: Ball
1-0: Ball
2-0: Ball
3-0: Called Strike
3-1: Called Strike
3-2: Foul Ball, location: 2F
3-2: Ground out 6-3 (Groundball, 56)
Top of the 1st over - 0 runs, 0 hits, 1 error, 1 left on base; El Paso 0 - Athens 0
BOTTOM OF THE 1ST
Athens Assassins batting - Pitching for El Paso Texans : LHP José Martínez
Pitching: LHP José Martínez
Batting: RHB Pat Johnston 0-0: Foul Ball, location: 2F
0-1: SINGLE (Groundball, 6D)
Batting: RHB Kiyonaga Ogawa 0-0: Called Strike
0-1: Called Strike
0-2: Ball
1-2: Foul Ball, location: 2F
1-2: Ball
2-2: Foul Ball, location: 2F
2-2: Ground out 5-3 (Groundball, 5)
Pat Johnston to second
Batting: RHB John Conway 0-0: Called Strike
0-1: Ball
1-1: Foul Ball, location: 2F
1-2: Foul Ball, location: 2F
1-2: Strikes out swinging
Batting: RHB Maximino Abbado 0-0: Called Strike
0-1: Foul Ball, location: 2F
0-2: Foul Ball, location: 2F
0-2: Hit by Pitch
Batting: RHB Jonathon García 0-0: Foul Ball, location: 2F
0-1: Ball
1-1: SINGLE (Groundball, 56D)
Pat Johnston to third
Maximino Abbado to second
Runner from 3rd tries for Home, SAFE, throw made home
Batting: RHB Carlos Dumenigo 0-0: Foul Ball, location: 2F
0-1: Ball
1-1: Ball
2-1: Called Strike
2-2: DOUBLE (Line Drive, 9D)
Maximino Abbado scores
Jonathon García to third
Runner from 3rd tries for Home, SAFE, no throw
Batting: RHB Justin Tomlinson 0-0: Ground out 6-3 (Groundball, 6)
Bottom of the 1st over - 3 runs, 3 hits, 0 errors, 1 left on base; El Paso 0 - Athens 3
TOP OF THE 2ND
El Paso Texans batting - Pitching for Athens Assassins : RHP José López
Batting: RHB Kereje Zuka 0-0: Called Strike
0-1: Ball
1-1: Foul Ball, location: 2F
1-2: Strikes out looking
Batting: RHB Chris Smith 0-0: Swinging Strike
0-1: Called Strike
0-2: Ball
1-2: Ball
2-2: Strikes out swinging
Batting: RHB Manny Holguín 0-0: Swinging Strike
0-1: Ball
1-1: Swinging Strike
1-2: Strikes out swinging
Top of the 2nd over - 0 runs, 0 hits, 0 errors, 0 left on base; El Paso 0 - Athens 3
BOTTOM OF THE 2ND
Athens Assassins batting - Pitching for El Paso Texans : LHP José Martínez
Batting: RHB Britt Short 0-0: Ball
1-0: Foul Ball, location: 2F
1-1: Foul Ball, location: 2F
1-2: Fly out, F7 (Flyball, 7S)
Batting: RHB Alfonso Flores 0-0: Fly out, F4 (Popup, 13)
Batting: RHB Pat Johnston 0-0: Called Strike
0-1: Foul Ball, location: 2F
0-2: SINGLE (Groundball, 56S) (infield hit)
Batting: RHB Kiyonaga Ogawa 0-0: Ball
Pat Johnston steals 2nd base
1-0: Called Strike
1-1: Ball
2-1: Swinging Strike
2-2: Strikes out swinging
Bottom of the 2nd over - 0 runs, 1 hit, 0 errors, 1 left on base; El Paso 0 - Athens 3
TOP OF THE 3RD
El Paso Texans batting - Pitching for Athens Assassins : RHP José López
Batting: RHB Ed McVinish 0-0: Foul Ball, location: 2F
0-1: Foul Ball, location: 2F
0-2: Strikes out swinging
Batting: LHB Gus Price 0-0: Ground out 4-3 (Groundball, 34)
Batting: RHB Stephen Black 0-0: Ball
1-0: Swinging Strike
1-1: Ball
2-1: Ball
3-1: Called Strike
3-2: Strikes out swinging
Top of the 3rd over - 0 runs, 0 hits, 0 errors, 0 left on base; El Paso 0 - Athens 3
BOTTOM OF THE 3RD
Athens Assassins batting - Pitching for El Paso Texans : LHP José Martínez
Batting: RHB John Conway 0-0: Ball
1-0: Reached via error on a dropped throw, E3
Batting: RHB Maximino Abbado 0-0: Ball
1-0: Called Strike
1-1: Foul Ball, location: 2F
1-2: Ball
2-2: Strikes out swinging
Batting: RHB Jonathon García 0-0: Ball
1-0: Grounds into double play, 5-4-3 (Groundball, 56)
Bottom of the 3rd over - 0 runs, 0 hits, 1 error, 0 left on base; El Paso 0 - Athens 3
TOP OF THE 4TH
El Paso Texans batting - Pitching for Athens Assassins : RHP José López
Batting: LHB António Fonseca 0-0: Called Strike
0-1: Ball
1-1: Called Strike
1-2: Foul Ball, location: 2F
1-2: Strikes out swinging
Batting: RHB Doug Bruce 0-0: Ball
1-0: SINGLE (Popup, 56D)
Batting: LHB Cipriano Rangel 0-0: Ball
1-0: Foul Ball, location: 2F
1-1: Swinging Strike
1-2: Foul Ball, location: 2F
1-2: Foul Ball, location: 2F
1-2: Strikes out swinging
Batting: RHB Kereje Zuka 0-0: Ball
1-0: Foul Ball, location: 2F
1-1: Foul Ball, location: 2F
1-2: Strikes out swinging
Top of the 4th over - 0 runs, 1 hit, 0 errors, 1 left on base; El Paso 0 - Athens 3
BOTTOM OF THE 4TH
Athens Assassins batting - Pitching for El Paso Texans : LHP José Martínez
Batting: RHB Carlos Dumenigo 0-0: Fly out, F7 (Flyball, 78S)
Batting: RHB Justin Tomlinson 0-0: Called Strike
0-1: Ball
1-1: Foul Ball, location: 2F
1-2: Ball
2-2: SINGLE (Line Drive, 8LS)
Batting: RHB Britt Short 0-0: SINGLE (Groundball, 6MD)
Justin Tomlinson to second
Batting: RHB Alfonso Flores 0-0: Fly out, F8 (Line Drive, 8LD)
Batting: RHB Pat Johnston 0-0: Ball
1-0: Foul Ball, location: 2F
1-1: Swinging Strike
1-2: SINGLE (Groundball, 6MD)
Justin Tomlinson to third
Britt Short to second
Runner from 3rd tries for Home, SAFE, no throw
Batting: RHB Kiyonaga Ogawa 0-0: Foul Ball, location: 2F
0-1: Ball
1-1: Swinging Strike
1-2: Ball
2-2: Ball
3-2: Foul Ball, location: 2F
3-2: SINGLE (Groundball, 6MD)
Britt Short to third
Pat Johnston to second
Britt Short scores
Pat Johnston to third
Batting: RHB John Conway 0-0: Called Strike
0-1: Called Strike
Kiyonaga Ogawa is caught stealing 2nd base
Bottom of the 4th over - 2 runs, 4 hits, 0 errors, 1 left on base; El Paso 0 - Athens 5
TOP OF THE 5TH
El Paso Texans batting - Pitching for Athens Assassins : RHP José López
Batting: RHB Chris Smith 0-0: Foul Ball, location: 2F
0-1: Ground out 6-3 (Groundball, 6M)
Batting: RHB Manny Holguín 0-0: Swinging Strike
0-1: Ball
1-1: Called Strike
1-2: Strikes out swinging
Batting: RHB Ed McVinish 0-0: Called Strike
0-1: Fly out, F9 (Flyball, 9LD)
Top of the 5th over - 0 runs, 0 hits, 0 errors, 0 left on base; El Paso 0 - Athens 5
BOTTOM OF THE 5TH
Athens Assassins batting - Pitching for El Paso Texans : LHP José Martínez
Batting: RHB John Conway 0-0: Called Strike
0-1: Fly out, F7 (Flyball, 7LMF)
Batting: RHB Maximino Abbado 0-0: Ball
1-0: Ball
2-0: Ball
3-0: Swinging Strike
3-1: Called Strike
3-2: Strikes out swinging
Batting: RHB Jonathon García 0-0: Foul Ball, location: 2F
0-1: Ball
1-1: Foul Ball, location: 2F
1-2: Foul Ball, location: 2F
1-2: Ball
2-2: Ground out 5-3 (Groundball, 56)
Bottom of the 5th over - 0 runs, 0 hits, 0 errors, 0 left on base; El Paso 0 - Athens 5
TOP OF THE 6TH
El Paso Texans batting - Pitching for Athens Assassins : RHP José López
Batting: LHB Gus Price 0-0: Ball
1-0: Ground out 6-3 (Groundball, 6)
Batting: RHB Stephen Black 0-0: Ball
1-0: Called Strike
1-1: Ball
2-1: Foul Ball, location: 2F
2-2: Foul Ball, location: 2F
2-2: Foul Ball, location: 2F
2-2: Ball
3-2: Foul Ball, location: 2F
3-2: Foul Ball, location: 2F
3-2: Strikes out swinging
Batting: LHB António Fonseca 0-0: Called Strike
0-1: Ball
1-1: Foul Ball, location: 2F
1-2: Strikes out swinging
Top of the 6th over - 0 runs, 0 hits, 0 errors, 0 left on base; El Paso 0 - Athens 5
BOTTOM OF THE 6TH
Athens Assassins batting - Pitching for El Paso Texans : LHP José Martínez
Batting: RHB Carlos Dumenigo 0-0: Foul Ball, location: 2F
0-1: Foul Ball, location: 2F
0-2: Fly out, F7 (Flyball, 78D)
Batting: RHB Justin Tomlinson 0-0: Fly out, F7 (Flyball, 7LS)
Batting: RHB Britt Short 0-0: Ball
1-0: Foul Ball, location: 2F
1-1: Swinging Strike
1-2: Ball
2-2: Foul Ball, location: 2F
2-2: Ball
3-2: Ground out 6-3 (Groundball, 6M)
Bottom of the 6th over - 0 runs, 0 hits, 0 errors, 0 left on base; El Paso 0 - Athens 5
TOP OF THE 7TH
El Paso Texans batting - Pitching for Athens Assassins : RHP José López
Batting: RHB Doug Bruce 0-0: Ball
1-0: Ball
2-0: Ground out 4-3 (Groundball, 4)
Batting: LHB Cipriano Rangel 0-0: Ball
1-0: Called Strike
1-1: Ball
2-1: Ball
3-1: Base on Balls
Batting: RHB Kereje Zuka 0-0: Ball
1-0: Fly out, F8 (Flyball, 8LD)
Batting: RHB Chris Smith 0-0: Called Strike
0-1: Swinging Strike
0-2: Strikes out swinging
Top of the 7th over - 0 runs, 0 hits, 0 errors, 1 left on base; El Paso 0 - Athens 5
BOTTOM OF THE 7TH
Athens Assassins batting - Pitching for El Paso Texans : LHP José Martínez
Batting: RHB Alfonso Flores 0-0: Ball
1-0: Ball
2-0: Called Strike
2-1: Called Strike
2-2: Ball
3-2: Fly out, F9 (Flyball, 9D)
Batting: RHB Pat Johnston 0-0: Foul Ball, location: 2F
0-1: DOUBLE (Line Drive, 89M)
Pitching: RHP Oscar Martin
Batting: RHB Kiyonaga Ogawa 0-0: Called Strike
0-1: Ball
1-1: Called Strike
1-2: Strikes out swinging
Batting: RHB John Conway 0-0: Ball
1-0: Called Strike
1-1: Called Strike
1-2: SINGLE (Groundball, 6MD)
Pat Johnston to third
Runner from 3rd tries for Home, SAFE, no throw
Batting: RHB Maximino Abbado 0-0: Called Strike
Pickoff Throw to First - Out!
Bottom of the 7th over - 1 run, 2 hits, 0 errors, 0 left on base; El Paso 0 - Athens 6
TOP OF THE 8TH
El Paso Texans batting - Pitching for Athens Assassins : RHP José López
Batting: RHB Manny Holguín 0-0: Foul Ball, location: 2F
0-1: Foul Ball, location: 2F
0-2: Ball
1-2: SINGLE (Flyball, 8LS)
Batting: RHB Ed McVinish 0-0: Called Strike
0-1: Ball
1-1: Ball
2-1: Ball
3-1: Fly out, F8 (Flyball, 8LD)
Batting: LHB Gus Price 0-0: Called Strike
0-1: Ball
Wild Pitch!
Manny Holguín to second
1-1: Foul Ball, location: 2F
1-2: Ball
2-2: Strikes out looking
Batting: RHB Stephen Black 0-0: Ball
1-0: Called Strike
1-1: Ball
2-1: Swinging Strike
2-2: Ball
3-2: Strikes out swinging
Top of the 8th over - 0 runs, 1 hit, 0 errors, 1 left on base; El Paso 0 - Athens 6
BOTTOM OF THE 8TH
Athens Assassins batting - Pitching for El Paso Texans : RHP Oscar Martin
Batting: RHB Maximino Abbado 0-0: Ball
1-0: Called Strike
1-1: Called Strike
1-2: Strikes out swinging
Batting: RHB Jonathon García 0-0: Ball
1-0: Called Strike
1-1: Fly out, F3 (Popup, 23F)
Batting: RHB Carlos Dumenigo 0-0: Ball
1-0: Foul Ball, location: 2F
1-1: Called Strike
1-2: Fly out, F7 (Flyball, 7LS)
Bottom of the 8th over - 0 runs, 0 hits, 0 errors, 0 left on base; El Paso 0 - Athens 6
TOP OF THE 9TH
El Paso Texans batting - Pitching for Athens Assassins : RHP José López
Batting: LHB António Fonseca 0-0: Called Strike
0-1: Ball
1-1: DOUBLE (Line Drive, 9LM)
Batting: RHB Doug Bruce 0-0: Ball
Wild Pitch!
António Fonseca to third
1-0: 2-RUN HOME RUN (Flyball, 7LD), Distance : 361 ft
Pitching: LHP Dan Thompson
Batting: LHB Cipriano Rangel 0-0: Called Strike
0-1: Called Strike
0-2: Ball
1-2: Ball
2-2: Strikes out swinging
Batting: RHB Kereje Zuka 0-0: Ball
1-0: Swinging Strike
1-1: Called Strike
1-2: Foul Ball, location: 2F
1-2: Ball
2-2: Strikes out looking
Batting: RHB Chris Smith 0-0: Ball
1-0: Fly out, F9 (Flyball, 9D)
Top of the 9th over - 2 runs, 2 hits, 0 errors, 0 left on base; El Paso 2 - Athens 6
Saturday, April 7th, 2018 - OOTP Baseball 18.8 Build 76